 Dungeon Crawl Stone Soup version 0.18-a0-1797-gc18daef (webtiles) character file.

18 macross the Conjurer (level 2, -1/20 HPs)
             Began as a Demigod Conjurer on Apr 22, 2016.
             Slain by a hobgoblin
             ... wielding a +0 club
              (2 damage)
             ... on level 1 of the Dungeon.
             The game lasted 00:02:06 (354 turns).

macross the Conjurer (Demigod Conjurer)              Turns: 354, Time: 00:02:07

Health: -1/20      AC:  2    Str: 11    XL:     2   Next: 36%
Magic:  4/7        EV: 12    Int: 19    God:
Gold:   26         SH:  0    Dex: 16    Spells: 1 memorised, 4 levels left

rFire  . . .     SeeInvis .     (no weapon)
rCold  . . .     Gourm    .     a - +0 robe
rNeg   . . .     Faith    .     (no shield)
rPois  .         Spirit   .     (no helmet)
rElec  .         Dismiss  .     (no cloak)
rCorr  .         Reflect  .     (no gloves)
SustAt +         Harm     .     (no boots)
MR     .....                    (no amulet)
Stlth  ++........               (no ring)
                                (no ring)

@: not resistant to hostile enchantments, unstealthy
A: high mp 1, sustain attributes
a: no special abilities


You were on level 1 of the Dungeon.
You were not hungry.

You visited 1 branch of the dungeon, and saw 1 of its levels.

You collected 26 gold pieces.

Inventory:

Armour
 a - a +0 robe (worn)
Scrolls
 f - a scroll of identify {unknown}
Potions
 d - a potion of ambrosia {unknown}
 e - a potion of curing {unknown}
Books
 b - a book of Conjurations

   Spells                             Type                      Level
   a - Magic Dart                     Conjuration                  1
   b - Searing Ray                    Conjuration                  2
   c - Dazzling Spray                 Conjuration/Hexes            3
   d - Fulminant Prism                Conjuration/Hexes            4
   e - Iskenderun's Mystic Blast      Conjuration                  4
   f - Iskenderun's Battlesphere      Conjuration/Charms           5
Comestibles
 c - a bread ration


   Skills:
 + Level 1.7 Dodging
 + Level 1.8 Stealth
 * Level 2.0 Spellcasting
 * Level 4.1 Conjurations


You had 4 spell levels left.
You knew the following spells:

 Your Spells              Type           Power        Failure   Level  Hunger
a - Magic Dart            Conj           ###.         3%          1    #......


Dungeon Overview and Level Annotations

Branches:
Dungeon (1/15)


Innate Abilities, Weirdness & Mutations

You have an increased reservoir of magic (+10% MP).
Your attributes are resistant to harm.


Message History

The hobgoblin closely misses you. The goblin barely misses you.
The hobgoblin barely misses you. The hobgoblin hits you with a club.
The goblin barely misses you. The hobgoblin barely misses you.
The hobgoblin closely misses you. The goblin hits you but does no damage.
The hobgoblin barely misses you. The hobgoblin hits you with a club.
The goblin closely misses you. The hobgoblin barely misses you.
The hobgoblin hits you with a club.
* * * LOW HITPOINT WARNING * * *
The goblin hits you but does no damage. The hobgoblin barely misses you.
The hobgoblin closely misses you. The goblin barely misses you.
The hobgoblin closely misses you. The hobgoblin misses you.
The goblin hits you but does no damage. The hobgoblin barely misses you.
The hobgoblin closely misses you. The goblin misses you.
The hobgoblin hits you.
* * * LOW HITPOINT WARNING * * *
The hobgoblin hits you with a club.
You die...

..# #.# #.# #.# ########
#### #.# #......# #####
..... #.# #......###....
......#g###......##..†..
......g@..............>.
......#g#........#..##.#
....[##.#...........##.#
.............##.........
... .##.#....##.........
#. #.##...##......(.. #
#.........)....#.#
#..............#.#
..................#


You could see 2 hobgoblins and a goblin.

Vanquished Creatures
  An ooze (D:1)
  4 bats (D:1)
  2 goblins (D:1)
  3 hobgoblins (D:1)
  3 rats (D:1)
13 creatures vanquished.

Notes
Turn   | Place    | Note
--------------------------------------------------------------
     0 | D:1      | macross the Demigod Conjurer began the quest for the Orb.
     0 | D:1      | Reached XP level 1. HP: 14/14 MP: 5/5
   205 | D:1      | Reached skill level 4 in Conjurations
   205 | D:1      | Reached XP level 2. HP: 14/20 MP: 4/7
   353 | D:1      | HP: 1/20 [hobgoblin (2)]
   354 | D:1      | Slain by a hobgoblin

Vault maps used:
D:1:      dpeg_arrival_subterranean_lakeside_camping

Skill      XL: |  1  2 |
---------------+-------+-----
Conjurations   | 4 |  4.1
Spellcasting   | 2 |  2.0
Dodging        | |  1.7
Stealth        | |  1.8

Action                   || total
-------------------------++-------
Melee: Unarmed           ||     1
 Cast: Magic Dart        ||    26
Armor: Robe              ||     8
Dodge: Dodged            ||    34
